 Dungeon Crawl Stone Soup version 0.28.0-53-g5a82cb258f (webtiles) character file.

Game seed: 5121468594315320486

24290 cbfl8 the Severer (level 12, -2/168 HPs)
             Began as a Minotaur Berserker on Sept 4, 2022.
             Was a High Priest of Trog.
             Killed by mirror damage (15 damage)
             ... on level 13 of the Dungeon.
             The game lasted 00:18:02 (19268 turns).

cbfl8 the Severer (Minotaur Berserker)             Turns: 19268, Time: 00:18:03

Health: -2/168     AC: 17    Str: 23    XL:     12   Next: 79%
Magic:  11/11      EV: 11    Int:  4    God:    Trog [*****.]
Gold:   1177       SH:  5    Dex: 20    Spells: 11/11 levels left

rFire   + + .      SeeInvis .   P - +0 battleaxe
rCold   . . .      Faith    .   (shield currently unavailable)
rNeg    . . .      Spirit   .   K - +0 plate armour
rPois   .          Reflect  +   (helmet restricted)
rElec   .          Harm     .   j - scarf {rC+ rF+}
rCorr   .          Rampage  .   I - +0 pair of gloves {hurl}
Will    .....                   M - +0 pair of boots
Stlth   ..........              A - amulet of reflection
HPRegen 0.38/turn               e - +6 ring of dexterity
MPRegen 0.12/turn               C - ring "Cawkocuj" {Fire Fly Stlth+}

@: berserking, flying, very quick
A: horns 2, retaliatory headbutt
a: Renounce Religion, Berserk, Trog's Hand, Brothers in Arms


You were on level 13 of the Dungeon.
You worshipped Trog.
Trog was extremely pleased with you.
You visited 1 branch of the dungeon, and saw 13 of its levels.
You also visited: Ossuary.

You collected 1205 gold pieces.
You spent 28 gold pieces at shops.

Inventory:

Hand Weapons
 P - a +0 battleaxe (weapon)
Armour
 j - a scarf of resistance (worn)
 I - a +0 pair of gloves of hurling (worn)
 J - a +1 cloak of stealth
 K - a +0 plate armour (worn)
 M - a +0 pair of boots (worn)
Jewellery
 e - a +6 ring of dexterity (left hand)
 g - a +6 ring of strength
 y - a +4 ring of evasion
 z - a ring of protection from cold
 A - an amulet of reflection (around neck)
 C - the ring "Cawkocuj" (right hand) {Fire Fly Stlth+}
   (You found it on level 5 of the Dungeon)

   [ring of fire]

   It enhances your fire magic.
   rF:        It protects you from fire.
   rC:        It makes you vulnerable to cold.
   Fly:       It grants you flight.
   Stlth:     It makes you more stealthy.
 E - a +6 ring of dexterity
 F - a ring of fire
Wands
 a - a wand of flame (51) (quivered)
 v - a wand of iceblast (3)
 N - a wand of digging (3)
Scrolls
 d - 3 scrolls of blinking
 h - 4 scrolls of enchant armour {unknown}
 l - a scroll of acquirement {unknown}
 r - 3 scrolls of magic mapping
 s - 2 scrolls of teleportation
 x - 2 scrolls of fear {unknown}
 L - a scroll of brand weapon {unknown}
 Q - 3 scrolls of immolation {unknown}
 R - a scroll of holy word {unknown}
 S - a scroll of enchant weapon {unknown}
Potions
 b - 2 potions of attraction {unknown}
 c - 5 potions of cancellation {unknown}
 f - 2 potions of degeneration {unknown}
 i - 2 potions of brilliance {unknown}
 k - 4 potions of might {unknown}
 n - a potion of invisibility {unknown}
 p - 2 potions of lignification {unknown}
 q - a potion of berserk rage {unknown}
 t - a potion of resistance {unknown}
 u - 2 potions of flight {unknown}
 w - 3 potions of heal wounds {unknown}
 B - 3 potions of haste {unknown}
 D - 4 potions of mutation {unknown}
 G - a potion of ambrosia {unknown}
 H - 5 potions of curing
 O - a potion of magic {unknown}


   Skills:
 * Level 11.9 Fighting
 * Level 16.9 Axes
 + Level 10.2 Armour
 * Level 8.4 Dodging
 + Level 1.6 Stealth
 + Level 3.1 Shields
 * Level 6.6 Evocations


You had 11 spell levels left.
You didn't know any spells.
Your spell library was empty.

Dungeon Overview and Level Annotations

Branches:
Dungeon (13/15)            Temple (0/1) D:4            Lair (0/6) D:11
    Orc (0/2) D:11        Ossuary (visited)
 Vaults: D:13-14

Altars:
Kikubaaqudgha
Nemelex Xobeh
Yredelemnul
Zin

Shops:
D:2 *   D:11 (   D:12 (


Innate Abilities, Weirdness & Mutations

You have a pair of horns on your head.
You reflexively headbutt those who attack you in melee.


Message History

The cyan ugly thing bites you but does no damage.
You barely miss the cyan ugly thing.
The cyan ugly thing is moderately wounded.
The cyan ugly thing closely misses you.
The death knight shouts!
You slash the cyan ugly thing!
The cyan ugly thing is heavily wounded.
The death knight offers itself to Yredelemnul, and fills with unholy energy.
The cyan ugly thing bites you but does no damage.
You completely miss the cyan ugly thing.
The cyan ugly thing is heavily wounded.
The cyan ugly thing bites you but does no damage.
You slice the cyan ugly thing!!
The cyan ugly thing is almost dead.
You hit the cyan ugly thing but do no damage.
You headbutt the cyan ugly thing, but do no damage.
The cyan ugly thing is almost dead.
The cyan ugly thing bites you. The cyan ugly thing shocks you!
You slash the cyan ugly thing!
You kill the cyan ugly thing!
Trog accepts your kill.
A red film seems to cover your vision as you go berserk!
You feel yourself moving faster!
You feel mighty! You block the death knight's attack.
You barely miss the death knight. Your headbutt misses the death knight.
You slice the death knight!!
The death knight is moderately wounded.
The death knight reflects your damage back at you!
The death knight hits you with a +0 battleaxe!!
* * * LOW HITPOINT WARNING * * *
You slice the death knight!! You headbutt the death knight!
The death knight is severely wounded.
You hit the skeletal warrior.
The death knight reflects your damage back at you!
* * * LOW HITPOINT WARNING * * *
You slice the death knight!! You headbutt the death knight.
The death knight is almost dead.
You closely miss the skeletal warrior.
The death knight reflects your damage back at you!
You die...

........#
#######.##
........# ##.#
(######## ##..#
.##### #..##
.....# #.##
..)..#
####.#####
..)))+
#........#
.....#
#........#
.....#
#...@....#
.....#
#...zp...#
.....#
#...........#
.....#
####.....W.<..#
'#####
#......z.### .#
#######.## .#
.# .## ## (.#


You could see a death knight (reflects damage), 2 skeletal warriors and a
freezing wraith.

Vanquished Creatures
  A boulder beetle (D:13)
  A hydra (D:12)
  4 two-headed ogres
  A centaur warrior (D:9)
  5 skeletal warriors (D:13)
  Pikel (D:7)
  A manticore (D:11)
  A necromancer (D:9)
  An orc knight (D:11)
  An ugly thing (D:13)
  A cyclops (D:12)
  3 centaur zombies
  Maurice (D:8)
  A gargoyle (D:12)
  Joseph (D:7)
  2 unseen horrors
  A tengu conjurer (D:13)
  2 hornets (D:9)
  3 trolls
  10 slime creatures
  A wraith (D:13)
  4 shadows
  2 wyverns (D:11)
  18 yaks
  A basilisk (D:11)
  2 steam dragons
  Menkaure (D:7)
  A warg (D:11)
  An acid dragon (D:10)
  5 water moccasins (D:11)
  4 orc warriors
  4 ice beasts
  2 sky beasts
  A necrophage (D:5)
  5 ogres
  6 centaurs
  A phantom (D:5)
  2 lemures (D:7)
  Blork the orc (D:5)
  5 kobold brigands (D:11)
  7 bullfrogs
  A scorpion (D:5)
  4 gnoll sergeants (D:11)
  2 water moccasin zombies (D:6)
  10 killer bees
  3 howler monkeys
  A hound (D:6)
  A bullfrog skeleton (D:5)
  A centaur skeleton (D:6)
  5 orc priests
  Crazy Yiuf (D:3)
  2 gnoll shamans
  An iguana (D:5)
  10 orc wizards
  6 polar bear simulacra (D:9)
  3 yak simulacra (D:9)
  2 killer bee zombies
  A hound zombie (D:5)
  A hound skeleton (D:4)
  8 mummies (Ossuary)
  12 gnolls
  A howler monkey skeleton (D:5)
  10 adders
  2 worms (D:2)
  3 dart slugs (D:1)
  37 orcs
  9 endoplasms
  7 giant cockroaches
  A gnoll zombie (Ossuary)
  18 goblins
  8 hobgoblins
  3 jackals (D:3)
  4 quokkas
  9 ball pythons
  10 bats
  2 frilled lizards
  A hobgoblin zombie (Ossuary)
  6 kobolds
  2 kobold zombies (Ossuary)
  4 orc zombies (Ossuary)
  A rat (D:1)
  A river rat simulacrum (D:9)
330 creatures vanquished.

Vanquished Creatures (others)
  A gnoll (D:7)
  A fungus (D:11)
  8 plants
10 creatures vanquished.

Grand Total: 340 creatures vanquished

Notes
Turn   | Place    | Note
-------+----------+-------------------------------------------
     0 | D:1      | cbfl8 the Minotaur Berserker began the quest for the Orb.
     0 | D:1      | Reached XP level 1. HP: 19/19 MP: 0/0
   144 | D:1      | Reached XP level 2. HP: 27/27 MP: 1/1
   199 | D:1      | Reached skill level 4 in Axes
   440 | D:1      | Reached ** piety under Trog
   441 | D:1      | Reached XP level 3. HP: 14/33 MP: 2/2
  1149 | D:2      | Found Moeredd's General Store.
  1165 | D:2      | Bought a scroll of identify for 28 gold pieces
  1898 | D:2      | Reached XP level 4. HP: 41/41 MP: 3/3
  1899 | D:2      | Reached skill level 5 in Axes
  2277 | D:2      | Found a faded altar of an unknown god.
  2852 | D:3      | Reached XP level 5. HP: 47/47 MP: 4/4
  3021 | D:3      | Reached *** piety under Trog
  3135 | D:3      | Found an ancient bone altar of Kikubaaqudgha.
  3221 | D:3      | Found a runed translucent door.
  3222 | D:3      | Noticed Crazy Yiuf
  3334 | D:3      | Killed Crazy Yiuf
  3335 | D:3      | Reached skill level 6 in Axes
  3554 | D:4      | Reached skill level 1 in Evocations
  3566 | D:4      | Reached XP level 6. HP: 17/53 MP: 5/5
  3782 | D:4      | Found a sand-covered staircase.
  3796 | Ossuary  | Entered an ossuary
  4044 | Ossuary  | Reached skill level 7 in Axes
  4178 | D:4      | Found a staircase to the Ecumenical Temple.
  4183 | D:4      | Reached skill level 5 in Fighting
  4250 | D:4      | Found a basalt altar of Yredelemnul.
  4375 | D:4      | Reached **** piety under Trog
  4808 | D:5      | Entered Level 5 of the Dungeon
  4994 | D:5      | Reached XP level 7. HP: 61/61 MP: 6/6
  5668 | D:5      | Reached skill level 8 in Axes
  6012 | D:5      | Identified the ring "Cawkocuj" {Fire Fly Stlth+}
  6046 | D:5      | Reached XP level 8. HP: 61/70 MP: 7/7
  6155 | D:5      | Noticed Blork the orc
  6164 | D:5      | Killed Blork the orc
  6221 | D:5      | Reached skill level 9 in Axes
  6221 | D:5      | Reached skill level 5 in Armour
  6713 | D:6      | Reached skill level 10 in Axes
  6859 | D:6      | Reached XP level 9. HP: 60/79 MP: 8/8
  7120 | D:7      | Noticed Menkaure
  7378 | D:7      | Killed Menkaure
  7447 | D:7      | Reached skill level 11 in Axes
  7822 | D:7      | Noticed Pikel
  7824 | D:7      | Noticed a two-headed ogre
  7832 | D:7      | Killed Pikel
  7835 | D:7      | Killed a two-headed ogre
  7836 | D:7      | Reached skill level 5 in Dodging
  7836 | D:7      | Reached skill level 1 in Shields
  7836 | D:7      | Reached XP level 10. HP: 88/88 MP: 9/9
  8197 | D:7      | Noticed Joseph
  8208 | D:7      | Killed Joseph
  8209 | D:7      | Reached skill level 12 in Axes
  8754 | D:8      | Noticed a two-headed ogre
  8766 | D:8      | Killed a two-headed ogre
  8979 | D:8      | Noticed Maurice
  8996 | D:8      | Killed Maurice
  8997 | D:8      | Reached skill level 13 in Axes
  9314 | D:8      | Found a glowing silver altar of Zin.
 10267 | D:9      | Noticed a necromancer
 10274 | D:9      | Killed a necromancer
 11067 | D:9      | Paralysed by a hornet for 2 turns
 11404 | D:9      | Noticed a centaur warrior
 11412 | D:9      | Killed a centaur warrior
 11413 | D:9      | Reached XP level 11. HP: 46/99 MP: 10/10
 11667 | D:9      | Identified the +3 buckler of the End {Str+2}
 11957 | D:9      | HP: 4/99 [polar bear simulacrum (19)]
 12664 | D:9      | Reached skill level 14 in Axes
 12717 | D:10     | Entered Level 10 of the Dungeon
 12894 | D:10     | Reached skill level 5 in Evocations
 12899 | D:10     | Reached skill level 1 in Stealth
 13037 | D:10     | Noticed a two-headed ogre
 13045 | D:10     | Killed a two-headed ogre
 13046 | D:10     | Reached skill level 10 in Fighting
 14249 | D:10     | Found a sparkling altar of Nemelex Xobeh.
 14611 | D:11     | Found a staircase to the Lair.
 14618 | D:11     | Reached skill level 15 in Axes
 15528 | D:11     | Reached ***** piety under Trog
 15724 | D:11     | Found Tocuapau's Weapon Emporium.
 15746 | D:11     | Noticed an orc knight
 15757 | D:11     | Killed an orc knight
 15883 | D:11     | Found a staircase to the Orcish Mines.
 15890 | D:11     | Reached XP level 12. HP: 108/108 MP: 11/11
 16635 | D:12     | Noticed a five-headed hydra
 17360 | D:12     | Found Konovug's Antique Weapon Boutique.
 17504 | D:12     | Killed an eight-headed hydra
 17505 | D:12     | Reached skill level 16 in Axes
 17929 | D:12     | Noticed a two-headed ogre
 17939 | D:12     | Killed a two-headed ogre
 18261 | D:13     | Noticed a death knight
 18313 | D:13     | Noticed a boulder beetle
 18332 | D:13     | Killed a boulder beetle
 18527 | D:13     | Reached skill level 10 in Armour
 19268 | D:13     | Killed by mirror damage

Illustrated notes

Levels and vault maps discovered:
D:1:      minmay_arrival_jagged, layout_rooms
D:2:      layout_basic, dilly_ecumenical_altar_fadedgnrine, serial_shops,
          nicolae_shop_waterfront, minmay_misc_feat_tiny
D:3:      kennysheep_the_goblin_king, layout_basic, lemuel_doored_altar,
          uniq_crazy_yiuf_cottage
D:4:      layout_loops_ring, kennysheep_mini, minmay_temple_entry_large_hall,
          enter_ossuary_1
D:5:      cheibrodos_quashed, layout_loops_cross, uniq_blork_the_orc
D:6:      layout_basic
D:7:      layout_basic, uniq_joseph, uniq_pikel, uniq_menkaure
D:8:      layout_basic, mainiacjoe_overflow_boulevard, uniq_maurice
D:9:      layout_roguey, eino_house_with_fridge
D:10:     layout_irregular_city, mainiacjoe_overflow_alcove_2,
          grunt_ministairs_7, st_stairs_2, grunt_decor_mini_mirrors
D:11:     layout_irregular_city, minmay_lair_entry_grove,
          kennysheep_orc_monster_closet_entryway, serial_shops,
          nicolae_shop_trees
D:12:     layout_loops_ring, serial_shops, shop_statue
D:13:     layout_roguey [special_room_bee], uniq_nessos

Skill      XL: |  1  2  3  4  5  6  7  8  9 10 11 12 |
---------------+-------------------------------------+-----
Axes           | 4 5 6 7 8 10 11 13 15 16 | 16.9
Fighting       | 4 5 7 8 9 10 11 | 11.9
Armour         | 3 4 6 7 8 9 10 | 10.2
Evocations     | 1 2 3 4 5 6 |  6.6
Dodging        | 3 4 5 6 7 8 |  8.4
Shields        | 1 2 3 |  3.1
Stealth        | 1 |  1.6

Action                   |  1- 3 |  4- 6 |  7- 9 | 10-12 || total
-------------------------+-------+-------+-------+-------++-------
Melee: Hand axe          |    86 |   157 |   137 |       ||   380
       Headbutt          |    13 |    33 |    52 |   112 ||   210
       Punch             |     1 |     2 |     4 |     6 ||    13
       War axe           |       |       |    65 |    77 ||   142
       Broad axe         |       |       |       |   257 ||   257
       Battleaxe         |       |       |       |   148 ||   148
Invok: Berserk           |     1 |     3 |     2 |    10 ||    16
       Trog's Hand       |       |     1 |       |       ||     1
Evoke: Wand              |       |       |       |    25 ||    25
  Use: Scroll            |     1 |     1 |       |     3 ||     5
       Potion            |       |       |       |     3 ||     3
 Stab: Paralysed         |       |       |       |     4 ||     4
       Distracted        |       |       |       |     1 ||     1
Armor: Animal skin       |     1 |       |       |       ||     1
       Leather armour    |    14 |     8 |       |       ||    22
       Scale mail        |       |    44 |       |       ||    44
       Chain mail        |       |     3 |    77 |    21 ||   101
       Plate armour      |       |       |       |   236 ||   236
Dodge: Dodged            |    61 |    71 |    86 |   167 ||   385
Block: Other             |       |       |    19 |   109 ||   128
       Reflection        |       |       |       |     3 ||     3
